 Dungeon Sprint DCSS version 0.22-a0-570-g58866f5 (webtiles) character file.

41592 George the Peltast (level 13, -2/151 HPs)
             Began as a Minotaur Fighter on June 30, 2018.
             Was the Champion of Okawaru.
             Killed by the air
             ... invoked by a spriggan air mage
              (18 damage)
             ... in the Dungeon (Sprint V: "Ziggurat Sprint").
             The game lasted 00:21:11 (1797 turns).

George the Peltast (Minotaur Fighter)               Turns: 1797, Time: 00:21:12

Health: -2/151     AC: 35    Str: 30    XL:     13   Next: 80%
Magic:  18/24      EV: 20    Int:  5    God:    Okawaru [******]
Gold:   0          SH: 30    Dex: 16    Spells: 12/12 levels left

rFire    + . .     SeeInvis .   x - +5 demon blade (elec)
rCold    + . .     Gourm    .   b - +3 large shield
rNeg     + . .     Faith    .   l - +9 gold dragon scales
rPois    +         Spirit   .   (helmet restricted)
rElec    .         Reflect  .   (no cloak)
rCorr    .         Harm     .   P - +2 pair of gloves {Str+3}
MR       +....     NoTele   +   K - +1 pair of boots of Gravitas {MR+ Str-4 Dex+5 Slay+2}
Stlth    ..........             H - amulet of Vitality {Regen+ HP+15}
HPRegen  0.75/turn              C - +6 ring of strength
MPRegen  0.19/turn              G - ring of Egaar {rN+ Slay+4}

@: heroism, finesse, flying (expiring), studying Shields
A: retaliatory headbutt, horns 2, deformed body, subdued magic 1
a: Heroism, Finesse, Renounce Religion


You were in the Dungeon.
You worshipped Okawaru.
Okawaru was exalted by your worship.
You were not hungry.

You visited 1 branch

Inventory:

Hand Weapons
 w - a +5 quick blade
 x - a +5 demon blade of electrocution (weapon)
 L - a +4 blowgun
 N - the +10 falchion of Evisceration {freeze, *Slow rPois Str+4 SInv}
   (Okawaru gifted it to you in the Dungeon)

   It has been specially enchanted to freeze those struck by it, causing extra
   injury to most foes and up to half again as much damage against particularly
   susceptible opponents.
   It can also slow down cold-blooded creatures.
   It affects your strength (+4).
   It protects you from poison.
   It lets you see invisible.
   It may slow you when you take damage.
Missiles
 D - 2 throwing nets
 R - 2 javelins of returning (quivered)
Armour
 b - a +3 large shield (worn)
 l - +9 gold dragon scales (worn)
 K - the +1 pair of boots of Gravitas (worn) {MR+ Str-4 Dex+5 Slay+2}
   (You found it in the Dungeon)

   It affects your strength (-4).
   It affects your dexterity (+5).
   It affects your accuracy and damage with ranged weapons and melee attacks
   (+2).
   It affects your resistance to hostile enchantments.
 P - a +2 pair of gloves of strength (worn)
Jewellery
 C - a +6 ring of strength (left hand)
 E - an uncursed ring of flight
 G - the ring of Egaar (right hand) {rN+ Slay+4}
   (You found it in the Dungeon)

   [ring of positive energy]

   It affects your accuracy and damage with ranged weapons and melee attacks
   (+4).
   It protects you from negative energy.
 H - the amulet of Vitality (around neck) {Regen+ HP+15}
   (You found it in the Dungeon)

   [amulet of regeneration]

   It affects your health (+15).
   It increases your rate of regeneration.
 I - the ring of Risopty {rCorr Dex+4 Stlth+}
   (You found it in the Dungeon)

   [ring of resist corrosion]

   It affects your dexterity (+4).
   It makes you more stealthy.
 Q - an uncursed ring of see invisible
 S - the ring of the Monkey's Uncle {rF+ Int+4 SInv}
   (You found it in the Dungeon)

   [ring of see invisible]

   It affects your intelligence (+4).
   It protects you from fire.
   It lets you see invisible.
 V - an uncursed ring of positive energy
Wands
 y - a wand of disintegration (7)
 z - a wand of iceblast (7)
 A - a wand of acid (7)
Scrolls
 k - 4 scrolls of blinking
 q - 4 scrolls of amnesia
 r - 7 scrolls of fog
 s - a scroll of holy word
 t - 5 scrolls of identify
 u - 5 scrolls of remove curse
 v - 2 scrolls of fear
 U - 3 scrolls of brand weapon
Potions
 c - 2 potions of brilliance
 d - 6 potions of might
 e - 10 potions of curing
 g - 10 potions of heal wounds
 h - 6 potions of haste
 i - 7 potions of magic
 j - 3 potions of berserk rage
 m - 2 potions of invisibility
 n - 4 potions of resistance
 p - 5 potions of agility
Books
 T - a manual of Shields
Miscellaneous
 a - a lightning rod (4/4)
 o - 6 boxes of beasts
 B - 4 sacks of spiders
 F - a phial of floods (inert)
 J - a lamp of fire (inert)
 M - a fan of gales
 O - a phantom mirror
Comestibles
 f - 7 rations


   Skills:
 + Level 18.7(23.7) Fighting
 - Level 14.0(19.0) Long Blades
 + Level 0.6(5.6) Throwing
 + Level 18.7(23.7) Armour
 + Level 17.1(22.1) Dodging
 + Level 20.5(25.5) Shields
 + Level 16.0 Invocations


You had 12 spell levels left.
You didn't know any spells.
Your spell library contained the following spells:

 Spells                   Type           Power        Failure   Level  Hunger
 Magic Dart               Conj           #...         98%         1    ##.....
 Fireball                 Conj/Fire      #.........   100%        5    ######.
 Apportation              Tloc           #.....       98%         1    ##.....
 Conjure Flame            Conj/Fire      #.......     100%        3    ####...
 Bolt of Fire             Conj/Fire      #.........   100%        6    #######
 Slow                     Hex            #.......     99%         2    ###....
 Confuse                  Hex            #.......     100%        3    ####...
 Throw Frost              Conj/Ice       #.....       99%         2    ###....
 Mephitic Cloud           Conj/Pois/Air  #.......     100%        3    ####...
 Ring of Flames           Chrm/Fire      #.........   100%        7    #######
 Teleport Other           Tloc           #.......     100%        3    ####...
 Summon Small Mammal      Summ           #...         98%         1    ##.....
 Blink                    Tloc           N/A          99%         2    ###....
 Animate Dead             Necr           N/A          100%        4    #####..
 Pain                     Necr           #...         98%         1    ##.....
 Animate Skeleton         Necr           N/A          98%         1    ##.....
 Vampiric Draining        Necr           #.........   100%        3    ####...
 Freeze                   Ice            #...         98%         1    ##.....
 Sticky Flame             Conj/Fire      #.......     100%        4    #####..
 Summon Ice Beast         Ice/Summ       #.......     100%        4    #####..
 Ozocubu's Armour         Chrm/Ice       #.......     100%        3    ####...
 Call Imp                 Summ           #.......     99%         2    ###....
 Dispel Undead            Necr           #.......     100%        5    ######.
 Regeneration             Chrm/Necr      #.........   100%        3    ####...
 Sting                    Conj/Pois      #...         98%         1    ##.....
 Tukima's Dance           Hex            #.......     100%        3    ####...
 Summon Demon             Summ           #.........   100%        5    ######.
 Shock                    Conj/Air       #...         98%         1    ##.....
 Swiftness                Chrm/Air       #.......     99%         2    ###....
 Recall                   Summ/Tloc      N/A          100%        3    ####...
 Spider Form              Tmut/Pois      #.........   100%        3    ####...
 Blade Hands              Tmut           #.........   100%        5    ######.
 Ice Form                 Ice/Tmut       #.......     100%        4    #####..
 Dragon Form              Tmut           #.........   100%        7    #######
 Death Channel            Necr           #.........   100%        6    #######
 Throw Icicle             Conj/Ice       #.......     100%        4    #####..
 Airstrike                Air            #.........   100%        4    #####..
 Shadow Creatures         Summ           N/A          100%        6    #######
 Confusing Touch          Hex            #.....       98%         1    ##.....
 Ignite Poison            Fire/Tmut/Pois #.......     100%        3    ####...
 Sticks to Snakes         Tmut           #.......     99%         2    ###....
 Call Canine Familiar     Summ           #.......     100%        3    ####...
 Ensorcelled Hibernation  Hex/Ice        #.....       99%         2    ###....
 Summon Butterflies       Summ           #.......     98%         1    ##.....
 Silence                  Hex/Air        #.........   100%        5    ######.
 Corona                   Hex            #......      98%         1    ##.....
 Simulacrum               Ice/Necr       #.........   100%        6    #######
 Conjure Ball Lightning   Conj/Air       #.........   100%        6    #######
 Petrify                  Tmut/Erth      #.......     100%        4    #####..
 Passage of Golubria      Tloc           N/A          100%        4    #####..
 Orb of Destruction       Conj           #.........   100%        7    #######
 Darkness                 Hex            #.........   100%        6    #######
 Shroud of Golubria       Chrm/Tloc      #.........   99%         2    ###....
 Beastly Appendage        Tmut           #.....       98%         1    ##.....
 Dazzling Spray           Conj/Hex       #.....       100%        3    ####...
 Spectral Weapon          Hex/Chrm       #.......     100%        3    ####...
 Summon Lightning Spire   Summ/Air       #.......     100%        4    #####..
 Gell's Gravitas          Tloc           #.........   100%        3    ####...
 Lesser Beckoning         Tloc           #.........   100%        3    ####...
 Ignition                 Fire           #.........   100%        8    #######
 Borgnjor's Vile Clutch   Necr/Erth      #.........   100%        5    ######.


Dungeon Overview and Level Annotations

Branches:
Dungeon (1/1)

Altars:
Ashenzari
Cheibriados
Dithmenos
Elyvilon
Fedhas
Gozag
Hepliaklqana
Kikubaaqudgha
Makhleb
Nemelex Xobeh
Okawaru
Qazlal
Ru
Sif Muna
Trog
Uskayaw
Vehumet
Wu Jian
Xom
Yredelemnul
Zin
The Shining One
Beogh
Jiyva
Lugonu

Annotations:
D 1 transporter


Innate Abilities, Weirdness & Mutations

You reflexively headbutt those who attack you in melee.
You have a pair of horns on your head.
Armour fits poorly on your strangely shaped body.
Your spells are a little easier to cast, but a little less powerful.


Message History

You block the storm dragon's attack.
The storm dragon claws you but does no damage.
The storm dragon misses you. You block the storm dragon's attack.
The storm dragon claws you.
* * * LOW HITPOINT WARNING * * *
The storm dragon misses you.
You block the spriggan air mage's attack.
You block the air elemental's attack.
The spriggan air mage closely misses you.
The spriggan air mage waves its arms in wide circles.
The air twists around and violently strikes you in flight!
* * * LOW HITPOINT WARNING * * *
The spriggan air mage completely misses your water elemental.
The spriggan air mage waves its arms in wide circles.
The air twists around and violently strikes you in flight!
* * * LOW HITPOINT WARNING * * *
The air elemental barely misses you.
The spriggan air mage waves its arms in wide circles.
The air twists around and violently strikes you in flight!
You die...

▓▓▓▓▓▓▓▓▓▓▓▓▓▓▓....
▓.§..§8§8§ ▓....
▓.§..§§)§§ ▓....
▓.§)[[§.}[":. ▓....
▓§§§v§§§§.... ▓.†▓†
▓§§§D§§...i...▓.▓†▓
▓§ivk§§.......▓..▓.
▓EDDDi§.......▓....
▓i@§Ei§...... ▓▓▓▓▓
▓iE▓§D§....▓ ▓...8
▓i▓▓▓§§...▓▓ ▓...)
▓i§▓.......▓..▓...)
▓§.i..........▓....
▓§.....©......▓....
▓▓▓▓▓▓▓▓▓▓▓▓▓▓▓....
▓.... ▓....


You could see 5 storm dragons, a wind drake, 7 spriggan air magi, 2 air
elementals, 2 insubstantial wisps and a friendly water elemental.

Vanquished Creatures
  3 deep elf master archers (D)
  2 emperor scorpions (D)
  A balrug (D)
  A very ugly thing (D)
  5 stone giants (D)
  A spark wasp (D)
  A merfolk javelineer (D)
  A vault guard (D)
  A spriggan air mage (D)
  A hell hog (D)
  An orc high priest (D)
  2 hell knights (D)
  A skeletal warrior (D)
  A glowing orange brain (shapeshifter) (D)
  A sea snake (shapeshifter) (D)
  A harpy (D)
  2 orb spiders (D)
  3 wolf spiders (D)
  An ugly thing (D)
  3 orc knights (D)
  2 orc sorcerers (D)
  4 cyclopes (D)
  A cyclops (shapeshifter) (D)
  A shining eye (D)
  A torpor snail (shapeshifter) (D)
  4 rust devils (D)
  5 yaktaurs (D)
  2 demonic crawlers (D)
  2 hellions (D)
  4 jumping spiders (D)
  4 tormentors (D)
  2 red devils (D)
  A hornet (D)
  4 merfolk (D)
  A hornet (shapeshifter) (D)
  2 slime creatures (D)
  An air elemental (D)
  2 redbacks (D)
  3 flying skulls (D)
  2 tarantellas (shapeshifter) (D)
  A tarantella (D)
  2 wraiths (D)
  2 basilisks (D)
  A yak (D)
  A golden eye (D)
  7 insubstantial wisps (D)
  A floating eye (D)
  9 orc warriors (D)
  A porcupine (D)
  A sky beast (shapeshifter) (D)
  3 necrophages (D)
  2 wolves (D)
  4 centaurs (D)
  2 crocodiles (D)
  4 scorpions (D)
  A wight (D)
  A crimson imp (D)
  2 orc wizards (D)
  2 orc priests (D)
  An iron imp (D)
  An ooze (D)
  2 adder zombies (D)
  5 orcs (D)
  3 bat skeletons (D)
  3 bat zombies (D)
  2 giant cockroach zombies (D)
  A leopard gecko skeleton (D)
  A leopard gecko zombie (D)
  A quokka zombie (D)
148 creatures vanquished.

Vanquished Creatures (others)
  2 insubstantial wisps (D)
2 creatures vanquished.

Grand Total: 150 creatures vanquished

Notes
Turn   | Place    | Note
-------+----------+-------------------------------------------
     0 | D        | Found the +6 Majin-Bo {vamp, Archmagi MP+6 Int+6}
     0 | D        | Found the +7 great mace "Firestarter" {inner flame, rF++}
     0 | D        | George the Minotaur Fighter began the quest for the Orb.
     0 | D        | Reached XP level 1. HP: 19/19 MP: 0/0
    10 | D        | Banished a spatial maelstrom
    14 | D        | Found a blossoming altar of Fedhas.
    29 | D        | Found a deep blue altar of Sif Muna.
    29 | D        | Found a sacrificial altar of Ru.
    29 | D        | Found a bloodstained altar of Trog.
    29 | D        | Found a stormy altar of Qazlal.
    29 | D        | Found an iron altar of Okawaru.
    29 | D        | Found a sparkling altar of Nemelex Xobeh.
    31 | D        | Found a transporter.
    31 | D        | Found an ancient bone altar of Kikubaaqudgha.
    31 | D        | Found a viscous altar of Jiyva.
    31 | D        | Found a corrupted altar of Lugonu.
    31 | D        | Found a hazy altar of Hepliaklqana.
    31 | D        | Found a burning altar of Makhleb.
    31 | D        | Found an opulent altar of Gozag.
    57 | D        | Found the +9 heavy crossbow "Sniper" {velocity, Acc+∞ SInv}
    57 | D        | Found the +10 dark maul {crush}
    57 | D        | Found the +15 Maxwell's patent armour {-Cast -Tele rElec MR+ rCorr}
    57 | D        | Found the +18 shield of the Gong {rElec rN+ MR+ EV-5}
    57 | D        | Found the cursed +14 obsidian axe {chop, +Fly SInv *Curse}
    58 | D        | Found the +6 shillelagh "Devastator" {shatter}
    58 | D        | Found the +11 plutonium sword {*Contam Stlth-}
    58 | D        | Found the +8 lance "Wyrmbane" {slay drac, rPois rF+ rC+ AC+3}
    58 | D        | Found the +9 sword of Zonguldrok {reap}
    58 | D        | Found the cursed +13 scythe of Curses {drain, *Curse}
    58 | D        | Found the +0 sword of Power
    58 | D        | Found the +11 mace of Variability {chaos}
    58 | D        | Found the +7 Singing Sword
    58 | D        | Found the +7 longbow "Piercer" {penet, EV-2}
    81 | D        | Became a worshipper of Warmaster Okawaru
    90 | D        | Entered arena 2.
    90 | D        | Noticed a necrophage
    90 | D        | Found a transporter.
    97 | D        | Killed a necrophage
    97 | D        | Reached * piety under Okawaru
    97 | D        | Reached skill level 5 in Fighting
    97 | D        | Reached skill level 5 in Long Blades
    97 | D        | Reached skill level 5 in Armour
    97 | D        | Reached skill level 5 in Shields
    97 | D        | Reached XP level 2. HP: 29/29 MP: 0/3
    97 | D        | Reached XP level 3. HP: 36/36 MP: 0/4
    97 | D        | Reached XP level 4. HP: 42/42 MP: 0/5
   156 | D        | Entered arena 3.
   156 | D        | Noticed an insubstantial wisp
   156 | D        | Noticed an insubstantial wisp
   156 | D        | Noticed an insubstantial wisp
   156 | D        | Found a transporter.
   157 | D        | Found the amulet of Vitality {Regen+ HP+15}
   168 | D        | Killed an insubstantial wisp
   168 | D        | Reached skill level 6 in Shields
   168 | D        | Reached XP level 5. HP: 23/50 MP: 3/7
   170 | D        | Killed an insubstantial wisp
   170 | D        | Reached ** piety under Okawaru
   170 | D        | Reached skill level 5 in Dodging
   170 | D        | Reached XP level 6. HP: 27/58 MP: 3/8
   172 | D        | Killed an insubstantial wisp
   172 | D        | Reached skill level 7 in Shields
   172 | D        | Reached skill level 5 in Invocations
   178 | D        | Got the ring of Egaar {rN+ Slay+4}
   188 | D        | Reached skill level 10 in Long Blades
   188 | D        | Reached skill level 8 in Shields
   188 | D        | Reached XP level 7. HP: 44/69 MP: 5/10
   360 | D        | Entered arena 4.
   360 | D        | Noticed a slime creature
   360 | D        | Noticed a golden eye
   360 | D        | Found a transporter.
   366 | D        | Killed a golden eye
   366 | D        | Reached XP level 8. HP: 77/77 MP: 11/11
   368 | D        | Killed a slime creature
   368 | D        | Reached skill level 9 in Shields
   382 | D        | Entered arena 5.
   382 | D        | Noticed a merfolk
   382 | D        | Noticed a merfolk
   382 | D        | Noticed a merfolk
   382 | D        | Noticed a merfolk
   382 | D        | Found a transporter.
   398 | D        | Killed a merfolk
   398 | D        | Reached *** piety under Okawaru
   399 | D        | Killed a merfolk
   402 | D        | Killed a merfolk
   406 | D        | Killed a merfolk
   406 | D        | Reached skill level 10 in Fighting
   406 | D        | Reached skill level 10 in Armour
   406 | D        | Reached skill level 10 in Shields
   406 | D        | Reached XP level 9. HP: 63/85 MP: 11/13
   468 | D        | Got the +1 pair of boots of Gravitas {MR+ Str-4 Dex+5 Slay+2}
   478 | D        | Entered arena 6.
   478 | D        | Found a transporter.
   488 | D        | Reached **** piety under Okawaru
   505 | D        | Got Qexkuv Quehu's Catalogue of Earth and Summoning
   510 | D        | Entered arena 7.
   511 | D        | Found the cursed necklace of Bloodlust {*Rage +Rage MR++ Int-3 Slay+6 *Curse}
   511 | D        | Found a transporter.
   544 | D        | Entered arena 8.
   548 | D        | Found a transporter.
   578 | D        | Got the amulet "Niwauh" {Gourm +Inv rPois Dex+3}
   583 | D        | Entered arena 9.
   583 | D        | Noticed a harpy
   583 | D        | Noticed a wolf spider
   583 | D        | Noticed a yaktaur
   583 | D        | Noticed a yaktaur
   583 | D        | Noticed a stone giant
   583 | D        | Noticed a vault guard
   591 | D        | Killed a wolf spider
   591 | D        | Reached ***** piety under Okawaru
   604 | D        | Killed a stone giant
   604 | D        | Received a gift from Okawaru
   604 | D        | Reached skill level 10 in Dodging
   604 | D        | Reached skill level 11 in Shields
   604 | D        | Reached XP level 10. HP: 84/96 MP: 13/16
   613 | D        | Killed a vault guard
   617 | D        | Reached skill level 12 in Shields
   619 | D        | Killed a harpy
   619 | D        | Received a gift from Okawaru
   619 | D        | Reached skill level 10 in Invocations
   622 | D        | Found a transporter.
   630 | D        | Got a crude falchion {god gift}
   631 | D        | Identified the +10 falchion of Evisceration {freeze, *Slow rPois Str+4 SInv} (Okawaru gifted it to you in the Dungeon)
   667 | D        | Entered arena 10.
   690 | D        | Found a transporter.
   707 | D        | Entered arena 11.
   707 | D        | Noticed a wolf spider
   715 | D        | Killed a wolf spider
   715 | D        | Reached skill level 13 in Shields
   717 | D        | Reached XP level 11. HP: 107/107 MP: 15/18
   729 | D        | Received a gift from Okawaru
   737 | D        | Found a transporter.
   754 | D        | Got the Reference Book on Bewitching Stolen Souls
   760 | D        | Entered arena 12.
   760 | D        | Noticed a balrug
   775 | D        | Killed a balrug
   785 | D        | Found a transporter.
   847 | D        | Entered arena 13.
   847 | D        | Noticed a glowing orange brain
   847 | D        | Noticed a purple ugly thing
   847 | D        | a glowing orange brain changed into a swamp worm
   847 | D        | Noticed a white very ugly thing
   848 | D        | Noticed a shining eye
   849 | D        | Noticed a two-headed ogre
   849 | D        | a swamp worm changed into a two-headed ogre
   849 | D        | Noticed a two-headed ogre
   850 | D        | Noticed a swamp dragon
   850 | D        | a two-headed ogre changed into a swamp dragon
   851 | D        | Noticed a sea snake
   851 | D        | a two-headed ogre changed into a sea snake
   852 | D        | Noticed a mana viper
   852 | D        | a dream sheep changed into a mana viper
   858 | D        | a mana viper changed into a dream sheep
   858 | D        | Noticed a shining eye
   858 | D        | a moth of wrath changed into a shining eye
   859 | D        | Reached skill level 14 in Shields
   859 | D        | Noticed a shining eye
   859 | D        | a sea snake changed into a shining eye
   861 | D        | Noticed a glowing orange brain
   861 | D        | a shining eye changed into a glowing orange brain
   861 | D        | a shining eye changed into a dream sheep
   865 | D        | a glowing orange brain changed into a redback
   866 | D        | Noticed a sea snake
   866 | D        | an elephant changed into a sea snake
   872 | D        | Killed a white very ugly thing
   874 | D        | Noticed a shining eye
   874 | D        | a moth of wrath changed into a shining eye
   875 | D        | Gained mutation: Armour fits poorly on your strangely shaped body. [a shining eye]
   878 | D        | Killed a cyan ugly thing
   878 | D        | Reached ****** piety under Okawaru
   880 | D        | a swamp dragon changed into a snapping turtle
   882 | D        | Noticed a deep troll
   882 | D        | a snapping turtle changed into a deep troll
   883 | D        | a shining eye changed into a torpor snail
   884 | D        | a deep troll changed into a torpor snail
   886 | D        | Noticed a glowing orange brain
   886 | D        | a torpor snail changed into a glowing orange brain
   890 | D        | Killed a sea snake
   897 | D        | Killed a glowing orange brain
   897 | D        | Received a gift from Okawaru
   899 | D        | Gained mutation: Your spells are a little easier to cast, but a little less powerful. [a shining eye]
   903 | D        | Killed a shining eye
   907 | D        | Got a slimy cloak {god gift}
   913 | D        | Identified the -3 cloak "Qusaobysm" {Dex+3} (Okawaru gifted it to you in the Dungeon)
   920 | D        | Found a transporter.
   926 | D        | Got the ring of Risopty {rCorr Dex+4 Stlth+}
   950 | D        | Entered arena 14.
   953 | D        | Noticed an orb spider
   953 | D        | Noticed an emperor scorpion
   953 | D        | Noticed an emperor scorpion
   954 | D        | Noticed a spark wasp
   956 | D        | Noticed a wolf spider
   956 | D        | Noticed an orb spider
   965 | D        | Reached skill level 15 in Fighting
   965 | D        | Reached skill level 15 in Armour
   965 | D        | Reached skill level 15 in Shields
   974 | D        | Killed a spark wasp
   974 | D        | Reached XP level 12. HP: 121/121 MP: 13/20
   994 | D        | Killed an emperor scorpion
   999 | D        | Killed an emperor scorpion
  1000 | D        | Found a transporter.
  1027 | D        | Reached skill level 16 in Shields
  1045 | D        | Got the ring of the Monkey's Uncle {rF+ Int+4 SInv}
  1047 | D        | Got the Catalogue of Lightness
  1135 | D        | Entered arena 15.
  1138 | D        | Noticed an orc high priest
  1140 | D        | Noticed a stone giant
  1141 | D        | Found a transporter.
  1168 | D        | Received a gift from Okawaru
  1170 | D        | Killed a stone giant
  1175 | D        | Killed an orc high priest
  1175 | D        | Reached skill level 15 in Dodging
  1294 | D        | Entered arena 16.
  1299 | D        | Noticed a hell hog
  1313 | D        | Reached skill level 17 in Shields
  1317 | D        | Killed a hell hog
  1328 | D        | Found a transporter.
  1341 | D        | Reached XP level 13. HP: 83/132 MP: 18/22
  1429 | D        | Entered arena 17.
  1436 | D        | Found the amulet of the Air {Inacc +Fly rElec EV+5 RMsl}
  1469 | D        | Reached skill level 18 in Shields
  1485 | D        | Found a transporter.
  1517 | D        | Got Sif Muna's Tome of Transformation and Confrontation
  1611 | D        | Entered arena 18.
  1614 | D        | Noticed a stone giant
  1614 | D        | Noticed a stone giant
  1614 | D        | Noticed a stone giant
  1614 | D        | Noticed a deep elf master archer
  1614 | D        | Noticed a deep elf master archer
  1615 | D        | Noticed a deep elf master archer
  1632 | D        | Noticed a merfolk javelineer
  1634 | D        | Killed a stone giant
  1634 | D        | Reached skill level 15 in Invocations
  1635 | D        | Found a transporter.
  1644 | D        | Killed a deep elf master archer
  1644 | D        | Received a gift from Okawaru
  1644 | D        | Received a gift from Okawaru
  1644 | D        | Reached skill level 19 in Shields
  1647 | D        | Killed a stone giant
  1647 | D        | Received a gift from Okawaru
  1651 | D        | Killed a deep elf master archer
  1655 | D        | Killed a deep elf master archer
  1655 | D        | Received a gift from Okawaru
  1664 | D        | Killed a stone giant
  1664 | D        | Reached skill level 20 in Shields
  1676 | D        | Killed a merfolk javelineer
  1728 | D        | Got the amulet "Qeschun" {Harm *Drain Int+3}
  1774 | D        | Entered arena 19.
  1777 | D        | Noticed a storm dragon
  1777 | D        | Noticed a storm dragon
  1777 | D        | Noticed a storm dragon
  1777 | D        | Noticed a storm dragon
  1778 | D        | Found the +2 hat of the Bear Spirit {Spirit, +Rage rN+ MR++}
  1790 | D        | Noticed a storm dragon
  1796 | D        | Found a transporter.
  1797 | D        | Killed from afar by a spriggan air mage

Vault maps used:
D:        sprint_v

Skill      XL: |  1  2  3  4  5  6  7  8  9 10 11 12 13 |
---------------+----------------------------------------+-----
Fighting       | 5 6 8 10 11 13 15 17 18 | 18.7
Long Blades    | 5 7 8 10 11 12 14 | 14.0
Armour         | 5 6 8 10 11 13 15 17 18 | 18.7
Dodging        | 3 4 5 6 7 8 10 11 13 15 17 | 17.1
Shields        | 5 6 8 10 11 13 15 17 20 | 20.5
Invocations    | 2 4 6 7 9 10 12 14 16 | 16.0
Throwing       | |  0.6

Action                   |  1- 3 |  4- 6 |  7- 9 | 10-12 | 13-15 || total
-------------------------+-------+-------+-------+-------+-------++-------
Melee: Demon blade       |     7 |    12 |    73 |    82 |    85 ||   259
       Headbutt          |       |     2 |    25 |    89 |    30 ||   146
       Falchion          |       |       |       |   153 |       ||   153
Invok: Heroism           |       |     1 |     3 |     5 |     3 ||    12
       Finesse           |       |       |       |     4 |     3 ||     7
Evoke: Lightning rod     |       |       |     4 |     4 |       ||     8
       Lamp of fire      |       |       |       |       |     1 ||     1
       Phial of floods   |       |       |       |       |     1 ||     1
  Use: Potion            |       |     1 |       |       |       ||     1
       Scroll            |       |       |     4 |     1 |       ||     5
  Eat: Chunk             |       |       |       |     2 |     1 ||     3
Armor: Gold dragon scale |     2 |     1 |    27 |    53 |    16 ||    99
Dodge: Dodged            |       |     4 |    10 |    70 |    26 ||   110
Block: Large shield      |     8 |     8 |    90 |   243 |    96 ||   445
       Rpst.: Demon blade |       |     1 |     2 |     7 |     3 ||    13
       Falchion          |       |       |       |     6 |       ||     6

Table legend:
 A = Spawn XP
 B = Non-spawn XP
 C = Spawn XP percentage of total XP
 D = Spawn monster count
 E = Non-spawn monster count
 F = Spawn count percentage of total count
 G = Total turns spent on level
                    A         B        C        D         E        F      G
               +---------+---------+-------+---------+---------+-------+---------
         Total |       0 |   58844 |   0.0 |       0 |     148 |   0.0 |  1797
               +---------+---------+-------+---------+---------+-------+---------
             D |       0 |   58844 |   0.0 |       0 |     148 |   0.0 |  1797
               +---------+---------+-------+---------+---------+-------+---------
